 Dungeon Crawl Stone Soup version 0.28.0-53-g5a82cb258f (webtiles) character file.

Game seed: 3219022118858318795

1 styxcanada the Sneak (level 1, 0/10 HPs)
             Began as a Spriggan Brigand on July 14, 2022.
             Frozen to death by an endoplasm (3 damage)
             ... on level 1 of the Dungeon on July 15, 2022.
             The game lasted 00:01:29 (68 turns).

styxcanada the Sneak (Spriggan Brigand)               Turns: 68, Time: 00:01:30

Health: 0/10       AC:  3    Str:  7    XL:     1   Next: 16%
Magic:  2/2        EV: 16    Int: 12    God:
Gold:   11         SH:  0    Dex: 16    Spells: 0/0 levels left

rFire   . . .      SeeInvis +   a - +2 dagger
rCold   . . .      Faith    .   (no shield)
rNeg    . . .      Spirit   .   b - +0 robe
rPois   .          Reflect  .   (helmet restricted)
rElec   .          Harm     .   c - +0 cloak
rCorr   .          Rampage  .   (gloves unavailable)
Will    .....                   (boots unavailable)
Stlth   +++.......              (no amulet)
HPRegen 0.03/turn               (no ring)
MPRegen 0.08/turn               (no ring)

@: very quick
A: very small, no large weapons, unfitting armour, see invisible, speed 3
a: no special abilities


You were on level 1 of the Dungeon.
You visited 1 branch of the dungeon, and saw 1 of its levels.

You collected 11 gold pieces.

Inventory:

Hand Weapons
 a - a +2 dagger (weapon)
Missiles
 d - 14 poisoned darts (quivered)
 e - 2 curare-tipped darts
Armour
 b - a +0 robe (worn)
 c - a +0 cloak (worn)


   Skills:
 * Level 1.5 Fighting
 + Level 2.2 Short Blades
 + Level 2.0 Throwing
 * Level 1.5 Dodging
 * Level 5.8 Stealth


You couldn't memorise any spells.
You didn't know any spells.
Your spell library was empty.

Dungeon Overview and Level Annotations

Branches:
Dungeon (1/15)

Altars:


Innate Abilities, Weirdness & Mutations

You are very small and have problems with some larger weapons.
You are too small for most types of armour.
You have supernaturally acute eyesight. (SInv)
You cover ground extremely quickly. (Speed+++)


Message History

The bat misses you. The bat barely misses you. The endoplasm barely misses you.
You barely miss the bat.
The bat is severely wounded.
The bat closely misses you. The endoplasm freezes you.
You are frozen.
Ouch! That really hurt!
You hit the endoplasm but do no damage. The bat hits you but does no damage.
The endoplasm completely misses you. The bat misses you.
A goblin comes into view. It is wielding a +0 dagger.
The bat barely misses you.
There are monsters nearby!
There are monsters nearby!
You hit the bat.
The bat is severely wounded.
The bat closely misses you. The bat completely misses you.
The bat closely misses you.
You barely miss the bat.
The bat is severely wounded.
The bat completely misses you. The bat closely misses you.
The endoplasm barely misses you.
You hit the bat but do no damage.
The bat is severely wounded.
The bat misses you.
You closely miss the bat.
The bat is severely wounded.
The bat completely misses you.
You hit the bat.
You kill the bat!
You hit the endoplasm.
The endoplasm is severely wounded.
The endoplasm hits you.
* * * LOW HITPOINT WARNING * * *
You hit the endoplasm.
The endoplasm is almost dead.
The endoplasm freezes you.
You are frozen.
You die...

##...######...######
##'## ##>## #..###
### # ##...####
###..
###....#####....#
####...#...# ###...#
############.######
#..@J..#.†b.......#
#..###.#....#.###.#
#.. #.........# #..
#.#....#.... #..
...#.##.#.###.
####.###......# #
#.. ......... #.
###g.##### # ..#


You could see an endoplasm.

Vanquished Creatures
  A bat (D:1)
  A frilled lizard (D:1)
2 creatures vanquished.

Notes
Turn   | Place    | Note
-------+----------+-------------------------------------------
     0 | D:1      | styxcanada the Spriggan Brigand began the quest for the
                  | Orb.
     0 | D:1      | Reached XP level 1. HP: 10/10 MP: 2/2
    68 | D:1      | Frozen to death by an endoplasm

Illustrated notes

Levels and vault maps discovered:
D:1:      minmay_arrival_split_and_join, layout_loops_cross, serial_forest,
          infiniplex_forest_end_2, infiniplex_forest_clump_medium,
          infiniplex_forest_join, infiniplex_forest_straight_3,
          infiniplex_forest_lined_ring, infiniplex_forest_clump_small,
          infiniplex_forest_lined_ring, kennysheep_doodads,
          minmay_split_cup_large

Action                   || total
-------------------------++-------
Melee: Dagger            ||    12
Armor: Robe              ||     1
Dodge: Dodged            ||    16
